 Dungeon Crawl Stone Soup version 0.31-a0-431-g88bdf31460 (webtiles) character file.

Game seed: 869713083099614574

1071 Flugkiller the Skirmisher (level 8, -3/48 HPs)
             Began as a Deep Elf Shapeshifter on July 31, 2023.
             Was a Priest of Okawaru.
             Killed by divine providence
             ... invoked by an orc priest
              (9 damage)
             ... on level 5 of the Dungeon.
             The game lasted 00:05:51 (4446 turns).

Flugkiller the Skirmisher (Deep Elf Shapeshifter)   Turns: 4446, Time: 00:05:51

Health: -3/48      AC:  5    Str: 12    XL:     8   Next: 7%
Magic:  12/12      EV: 11    Int: 14    God:    Okawaru [***...]
Gold:   146        SH:  0    Dex: 17    Spells: 7/7 levels left

rFire   + . .        b - +0 longbow
rCold   . . .        (shield currently unavailable)
rNeg    . . .        p - +0 ring mail {rF+}
rPois   .            (helmet currently unavailable)
rElec   .            (cloak currently unavailable)
rCorr   +            (gloves currently unavailable)
SInv    .            (boots currently unavailable)
Will    .....        k - amulet of faith
Stlth   +            g - ring of resist corrosion
HPRegen 0.28/turn    (no ring)
MPRegen 0.13/turn

%: faith
@: beast-form
A: beast (slay +2)
a: Begin Untransformation, Renounce Religion, Heroism


You were on level 5 of the Dungeon.
You worshipped Okawaru.
Okawaru was most pleased with you.
You were a hulking beast.
You visited 1 branch of the dungeon, and saw 5 of its levels.

You collected 146 gold pieces.

Inventory:

Hand Weapons
 b - a +0 longbow (weapon)
   (You took it off a hobgoblin on level 2 of the Dungeon)
Armour
 a - a +0 animal skin
 d - a +0 helmet
   (You found it on level 3 of the Dungeon)
 e - a +0 pair of boots
   (You found it on level 1 of the Dungeon)
 p - a +0 ring mail of fire resistance (worn)
   (You found it on level 1 of the Dungeon)
Jewellery
 g - a ring of resist corrosion (left hand)
   (You found it on level 3 of the Dungeon)
 k - an amulet of faith (around neck)
   (You found it on level 2 of the Dungeon)
Talismans
 c - a beast talisman (active)
Scrolls
 j - 2 scrolls of fog
 l - a scroll of enchant weapon {unknown}
 m - a scroll of immolation {unknown}
 q - a scroll of revelation {unknown}
 r - a scroll of vulnerability {unknown}
 t - 2 scrolls of teleportation
Potions
 f - a potion of mutation {unknown}
 h - 3 potions of haste
 i - 2 potions of brilliance
 n - a potion of might {unknown}
 o - a potion of enlightenment {unknown}


   Skills:
 - Level 4.0 Fighting
 + Level 9.3 Ranged Weapons
 - Level 3.0 Dodging
 - Level 2.4 Unarmed Combat
 - Level 3.0 Invocations
 - Level 3.5 Shapeshifting


You had 7 spell levels left.
You didn't know any spells.
Your spell library contained the following spells:

 Spells                   Type           Power      Damage    Failure   Level
 Sting                    Tmut/Pois      0%         1d3       54%         1
 Poisonous Vapours        Pois/Air       0%         N/A       69%         2
 Dazzling Flash           Conj/Hex       0%         N/A       89%         3
 Portal Projectile        Hex/Tloc       0%         N/A       89%         3
 Iskenderun's Mystic Bla  Conj/Tloc      0%         2d3       100%        4
 Olgreb's Toxic Radiance  Pois           0%         N/A       100%        4
 Agony                    Necr           0%         N/A       100%        5
 Silence                  Hex/Air        0%         N/A       100%        5
 Tukima's Dance           Hex            Unusable   N/A       N/A         3

Dungeon Overview and Level Annotations

Branches:
Dungeon (5/15) Zot: 25466
 Temple: D:4-7

Altars:
Makhleb
Okawaru
Qazlal
Uskayaw

Shops:
D:1 (   D:2 *

Annotations:
D:4 3 runed translucent doors, MrCrawl's ghost, amateur TeFE


Message History

Press: ? - help, Dir - move target, f - you Are you sure you want to cancel this blink?
Okay, then.
As you read the scroll labelled HIOSOA NAFIEME, it crumbles to dust.
It was a scroll of blinking.
z - a scroll of blinking
Okay, then.
(D) Dungeon
Where to? (Enter - D:3 @ (x,y), ? - help)
There is a stone staircase leading down here.
You climb downwards.
Level annotation: 3 runed translucent doors, MrCrawl's ghost, amateur TeFE
There is a stone staircase leading up here.
There is an open door here.
There is an open door here.
There is an escape hatch in the ceiling, spattered with blood here.
You see here a +0 ring mail.
Could not explore, unopened runed door.
Could not explore, unopened runed door.
(D) Dungeon
Where to? (Enter - D:4, ? - help)
You see here a +0 ring mail.
There is an escape hatch in the ceiling, spattered with blood here.
There is a stone staircase leading down here.
You climb downwards.
Found a puce potion, a long sword and a giant club.
There is a stone staircase leading up here.
n - a puce potion You see here a +0 long sword.
You see here a +0 giant club.
You open the door.
Found a leather armour.
There is an open door here.
A scorpion comes into view.
You shoot an arrow. The arrow hits the scorpion!
The scorpion is severely wounded.
You shoot an arrow. The arrow hits the scorpion!
You kill the scorpion!
Okawaru accepts your kill.
No target in view!
There is an open door here.
There is an open door here.
An ufetubus comes into view.
An ufetubus is nearby!
You shoot an arrow. The arrow hits the ufetubus!!
You kill the ufetubus!
Okawaru accepts your kill.
No target in view!
Found a short sword.
Found a stone staircase leading down.
No target in view!
No target in view!
r - a scroll labelled DUMANKE BEDE You open the door.
A quokka comes into view.
There is an open door here.
A quokka is nearby!
You shoot an arrow. The arrow hits the quokka!
You kill the quokka!
Okawaru accepts your kill.
No target in view!
No target in view!
A phantom comes into view.
A phantom is nearby!
You shoot an arrow. The arrow barely misses the phantom.
You shoot an arrow. The arrow hits the phantom.
The phantom is lightly damaged.
The phantom hits you! The phantom hits you.
The phantom blinks!
You blink.
An orc priest and 2 orcs come into view.
You shoot an arrow. The arrow hits the phantom!
The phantom is severely damaged.
The orc priest shouts!
The phantom hits you but does no damage.
You shoot an arrow.
The arrow hits the phantom but does no damage.
The phantom is severely damaged.
The orc throws a boomerang.
The boomerang hits you. The orc closely misses you.
The orc priest calls down the wrath of Beogh upon you.
Beogh smites you! The phantom hits you.
The orc priest casts a cantrip, but nothing happens.
An ice beast comes into view.
The orc hits you with a +0 whip.
The orc priest calls down the wrath of Beogh upon you.
You struggle to resist.
The orc throws a boomerang.
The boomerang hits you but does no damage.
You shoot an arrow. The arrow hits the ice beast.
The ice beast is lightly wounded.
The phantom barely misses you.
The ice beast hits you but does no damage.
The phantom closely misses you. The ice beast hits you.
The ice beast freezes you!
* * * LOW HITPOINT WARNING * * *
Blink to where?
Press: ? - help, Dir - move target, p - ice beast
As you read the scroll of blinking, it crumbles to dust.
Okay, then.
The orc priest invokes the aid of Beogh against you.
Beogh smites you!
You die...

######### # #..)....# ##
#.......####. #+##
#.......##... #...##
#.......##...
#####..######.......##.##
#.......h...'............
#.......#####.......#.###
#.......+ #.......#.#
#.......# #######.#.#
#.......# #.#.# #......o#
.>#.# #.....oW# #.#.#
#......Y##### #.#.#
#.......o...# #.#


You could see an ice beast, a phantom, an orc priest and an orc.

Vanquished Creatures
  Pikel (D:3)
  Grinder (D:4)
  An orc warrior (D:4)
  2 lemures (D:4)
  A scorpion (D:5)
  A hound (D:4)
  2 orc priests (D:4)
  2 orc wizards (D:4)
  6 adders
  An ufetubus (D:5)
  A dart slug (D:4)
  14 orcs
  3 bats (D:2)
  4 endoplasms
  4 giant cockroaches
  9 hobgoblins
  4 jackals (D:3)
  5 quokkas
  5 ball pythons
  2 frilled lizards
  8 goblins
  6 kobolds
  5 rats
88 creatures vanquished.

Notes
Turn   | Place    | Note
-------+----------+-------------------------------------------
     0 | D:1      | Flugkiller the Deep Elf Shapeshifter began the quest for
                  | the Orb.
     0 | D:1      | Reached XP level 1. HP: 11/11 MP: 3/3
    34 | D:1      | Reached skill level 1 in Fighting
   243 | D:1      | Found Nacian's Weapon Emporium.
   319 | D:1      | Reached XP level 2. HP: 14/17 MP: 4/4
   906 | D:2      | Found Pufuvemog's General Store.
  1058 | D:2      | Reached XP level 3. HP: 14/21 MP: 5/5
  1496 | D:3      | Reached skill level 1 in Ranged Weapons
  1820 | D:3      | Reached XP level 4. HP: 27/27 MP: 6/6
  1925 | D:3      | Reached skill level 2 in Ranged Weapons
  1960 | D:3      | Found an iron altar of Okawaru.
  1973 | D:3      | Became a worshipper of Warmaster Okawaru
  2046 | D:3      | Found a burning altar of Makhleb.
  2116 | D:3      | Found a faded altar of an unknown god.
  2538 | D:4      | Reached skill level 3 in Ranged Weapons
  2555 | D:4      | Noticed a lemure
  2555 | D:4      | Noticed a lemure
  2665 | D:4      | Found a runed translucent gate.
  2665 | D:4      | Found a runed translucent gate.
  2665 | D:4      | Found a runed translucent gate.
  2782 | D:4      | Noticed MrCrawl's ghost (amateur TeFE)
  2783 | D:4      | Noticed an ice beast
  2818 | D:4      | Noticed an orc warrior
  2819 | D:4      | Noticed Pikel
  2933 | D:4      | Reached skill level 4 in Ranged Weapons
  2933 | D:4      | Reached XP level 5. HP: 31/31 MP: 7/7
  2936 | D:4      | Reached skill level 1 in Invocations
  3163 | D:4      | Noticed a lemure
  3179 | D:4      | Killed a lemure
  3193 | D:4      | Killed a lemure
  3336 | D:4      | Noticed Grinder
  3444 | D:4      | Killed an orc warrior
  3445 | D:4      | Reached skill level 5 in Ranged Weapons
  3445 | D:4      | Reached XP level 6. HP: 29/36 MP: 9/9
  3837 | D:4      | Found a stormy altar of Qazlal.
  3983 | D:4      | Found a hide-covered altar of Uskayaw.
  4055 | D:4      | Killed Grinder
  4055 | D:4      | Reached * piety under Okawaru
  4056 | D:4      | Reached skill level 6 in Ranged Weapons
  4056 | D:4      | Reached XP level 7. HP: 41/41 MP: 9/11
  4196 | D:3      | Killed Pikel
  4196 | D:3      | Reached ** piety under Okawaru
  4196 | D:3      | Reached *** piety under Okawaru
  4197 | D:3      | Reached skill level 8 in Ranged Weapons
  4197 | D:3      | Reached skill level 9 in Ranged Weapons
  4197 | D:3      | Reached XP level 8. HP: 24/48 MP: 12/12
  4381 | D:5      | Entered Level 5 of the Dungeon
  4446 | D:5      | Killed from afar by an orc priest

Illustrated notes

Levels and vault maps discovered:
D:1:      roderic_crop_circles_arrival_small, layout_basic, serial_shops,
          nicolae_shop_bloodbath_and_beyond
D:2:      layout_rooms, serial_shops, nicolae_shop_gibbet_a_chance
D:3:      layout_basic, mainiacjoe_overflow_catwalk,
          lemuel_coloured_pillars_altar, shapermc_ecumenical_altar_mp_vishouse,
          minmay_tree_intersection
D:4:      layout_loops_corners, nicolae_uskayaw_suspiria,
          mainiacjoe_overflow_concentric_impassable, gammafunk_ghost_icy,
          uniq_pikel, uniq_grinder
D:5:      layout_basic, mainiacjoe_overflow_six_doors_small, serial_shops,
          kennysheep_mini, grunt_decor_resistance, minmay_lizard_king,
          uniq_edmund, uniq_menkaure

Skill      XL: |  1  2  3  4  5  6  7 |
---------------+----------------------+-----
Fighting       | 1 2 3 4 |  4.0
Dodging        | 3 |  3.0
Ranged Weapons | 1 4 5 6 9 |  9.3
Invocations    | 1 3 |  3.0
Unarmed Combat | |  2.4
Shapeshifting  | |  3.5

Action                     |  1- 3 |  4- 6 |  7- 9 || total
---------------------------+-------+-------+-------++-------
  Melee: Unarmed           |   100 |       |       ||   100
         Punch             |     5 |       |       ||     5
   Fire: Longbow           |    20 |   140 |    14 ||   174
    Use: Scroll            |     3 |     1 |     2 ||     6
         Potion            |     2 |     2 |       ||     4
 Armour: Animal skin       |     3 |       |       ||     3
         Ring mail         |    31 |    11 |     3 ||    45
         Skin              |     2 |       |       ||     2
  Dodge: Dodged            |    54 |    30 |     3 ||    87

Table legend: (Time is in decaauts)
 A = Elapsed time spent in this place.
 B = Non-inter-level travel time spent in this place.
 C = Inter-level travel time spent in this place.
 D = Time resting spent in this place.
 E = Time spent auto-exploring this place.
 F = Levels seen in this place.
 G = Mean time per level.
                   A        B        C        D        E       F      G
               +--------+--------+--------+--------+--------+-----+--------+
         Total |   4532 |   4143 |    389 |    693 |   2481 |   5 |  906.4 |
       Dungeon |   4532 |   4143 |    389 |    693 |   2481 |   5 |  906.4 |
               +--------+--------+--------+--------+--------+-----+--------+

Top non-repeatable levels by time:
     D:3: 1575 daAuts
     D:4: 1367 daAuts
     D:1: 899 daAuts
     D:2: 622 daAuts
     D:5: 68 daAuts
